AoeStats
← KG.专业开脑壳

Lombardia

507473024Analyzed
4v4 RM · 13d ago on Sep 18, 2026· 46m 40s· 8 players
Game mode
Random Map
Map size
Large (8 player)
Population
200
Speed
Normal
Resources
Standard
Victory
Conquest
Starting age
Dark Age
Ending age
Imperial Age
RankedLock teamsTeams togetherTeam positionsShared explorationLock speedFull tech treeHidden civsTurbo modeCheats
Victory
Defeat
🇨🇳 Chinese · China
1218
+13
🇳🇱 Turks · Netherlands
1207
+14
🇳🇱 Georgians · Netherlands
1170
+15
🇬🇧 Cumans · United Kingdom
1135
+17
🇨🇳 Franks · China
1210
-17
🇨🇳 Ethiopians · China
1170
-15
🇨🇳 Poles · China
1160
-15
🇨🇳 Lithuanians · China
1096
-12
hellleisure
9:52 Loom
11:38 Feudal Age
12:44 Horse Collar
18:37 Castle Age
17:21 Double-Bit Axe
17:29 Gold Mining
18:11 Forging
18:23 Scale Barding Armor
19:20 Bloodlines
19:10 Light Cavalry
21:21 Husbandry
24:48 Chain Barding Armor
29:11 Wheelbarrow
29:11 Bow Saw
29:37 Heavy Plow
30:05 Town Watch
31:15 Hand Cart
36:48 Imperial Age
34:59 Szlachta Privileges
35:40 Stone Mining
37:22 Iron Casting
37:50 Conscription
37:58 Lechitic Legacy
38:20 Hoardings
37:27 Cavalier
37:43 Capped Ram
40:23 Blast Furnace
44:39 Pikeman
45:20 Scale Mail Armor
小猪桑
0:40 Loom
11:38 Feudal Age
16:31 Castle Age
15:20 Double-Bit Axe
18:22 Town Watch
23:21 Wheelbarrow
24:29 Bow Saw
24:07 Horse Collar
25:25 Forging
27:13 Scale Mail Armor
27:49 Iron Casting
28:19 Heavy Plow
32:24 Chain Mail Armor
35:06 Gold Mining
35:38 Stone Mining
37:34 Ballistics
37:11 Murder Holes
37:40 Ballistics
37:31 Masonry
38:13 Fletching
38:30 Scale Barding Armor
38:52 Bodkin Arrow
41:04 Chain Barding Armor
44:06 Imperial Age
46:11 Conscription
KG.专业开脑壳
8:38 Loom
10:47 Feudal Age
13:01 Double-Bit Axe
18:13 Castle Age
16:30 Horse Collar
17:07 Padded Archer Armor
17:37 Fletching
18:31 Gold Mining
19:16 Bow Saw
19:25 Crossbowman
21:55 Bodkin Arrow
23:26 Leather Archer Armor
24:57 Wheelbarrow
27:30 Heavy Plow
29:24 Stone Mining
32:29 Imperial Age
30:16 Thumb Ring
31:09 Hand Cart
32:51 Gold Shaft Mining
32:03 Town Watch
33:13 Bracer
34:30 Stone Shaft Mining
34:21 Arbalester
36:58 Ballistics
40:39 Chemistry
41:33 Two-Man Saw
41:11 Ring Archer Armor
42:09 Scale Barding Armor
42:15 Forging
43:32 Chain Barding Armor
46:16 Iron Casting
零贰cc
11:03 Feudal Age
15:45 Castle Age
13:56 Double-Bit Axe
24:35 Scale Barding Armor
25:02 Husbandry
26:34 Wheelbarrow
26:22 Gold Mining
28:50 Forging
29:00 Chain Barding Armor
29:53 Bow Saw
30:32 Gold Shaft Mining
33:12 Loom
35:13 Hand Cart
35:48 Iron Casting
35:30 Stone Mining
38:48 Imperial Age
39:33 Cavalier
41:28 Murder Holes
41:43 Masonry
41:45 Fortified Wall
43:06 Scale Mail Armor
44:06 Blast Furnace
44:06 Chain Mail Armor
43:13 Pikeman
43:53 Squires
EqualGoat795961
5:53 Loom
11:25 Feudal Age
12:29 Horse Collar
14:25 Double-Bit Axe
22:12 Castle Age
21:01 Gold Mining
21:01 Stone Mining
22:37 Wheelbarrow
21:49 Town Watch
23:55 Bloodlines
24:57 Forging
24:52 Scale Barding Armor
26:11 Hand Cart
25:58 Town Patrol
27:37 Gold Shaft Mining
27:06 Heavy Plow
27:19 Bow Saw
32:04 Iron Casting
31:50 Chain Barding Armor
35:32 Imperial Age
34:17 Steppe Husbandry
35:51 Elite Steppe Lancer
36:56 Conscription
37:42 Blast Furnace
37:18 Plate Barding Armor
40:24 Fletching
40:34 Padded Archer Armor
41:14 Hoardings
40:42 Cuman Mercenaries
41:16 Heated Shot
42:28 Chemistry
41:38 Masonry
41:25 Murder Holes
King K. Rool
9:28 Loom
11:50 Feudal Age
12:30 Double-Bit Axe
15:16 Horse Collar
17:59 Castle Age
18:39 Stone Mining
18:40 Gold Mining
21:14 Bow Saw
21:50 Fletching
26:04 Scale Barding Armor
26:40 Town Watch
28:16 Wheelbarrow
28:20 Scale Mail Armor
28:30 Forging
32:14 Bloodlines
34:07 Chain Barding Armor
37:56 Imperial Age
36:15 Iron Casting
36:50 Husbandry
37:45 Stone Shaft Mining
38:16 Hand Cart
39:37 Blast Furnace
39:04 Conscription
39:10 Conscription
39:58 Elite Monaspa
40:46 Elite Skirmisher
41:28 Arson
43:42 Plate Barding Armor
43:07 Scale Mail Armor
43:56 Treadmill Crane
44:27 Masonry
45:18 Chemistry
44:38 Ballistics
44:15 Murder Holes
44:25 Siege Engineers
43:47 Pikeman
月が綺麗
0:33 Loom
10:50 Feudal Age
17:57 Castle Age
16:06 Double-Bit Axe
16:22 Horse Collar
18:25 Crossbowman
22:58 Fletching
24:11 Bodkin Arrow
24:42 Padded Archer Armor
25:51 Town Watch
27:05 Leather Archer Armor
28:58 Thumb Ring
29:17 Bow Saw
30:08 Ballistics
30:42 Heavy Plow
31:29 Wheelbarrow
31:21 Gold Mining
31:23 Stone Mining
33:37 Stone Shaft Mining
34:09 Hand Cart
33:55 Town Patrol
34:53 Gold Shaft Mining
37:42 Imperial Age
37:49 Arbalester
39:31 Chemistry
39:30 Bracer
40:01 Ring Archer Armor
42:02 Conscription
43:44 Elite Chu Ko Nu
Malkovich_Monk
10:46 Feudal Age
14:46 Castle Age
12:38 Double-Bit Axe
13:15 Horse Collar
15:40 Bow Saw
15:31 Heavy Plow
18:51 Wheelbarrow
20:45 Hand Cart
21:04 Bloodlines
21:00 Loom
21:00 Town Watch
21:52 Scale Barding Armor
22:21 Husbandry
23:02 Forging
24:01 Chain Barding Armor
25:17 Iron Casting
28:56 Town Patrol
28:53 Gold Mining
28:54 Stone Mining
29:45 Caravan
38:53 Gold Shaft Mining
43:08 Imperial Age
43:40 Heavy Camel Rider
44:58 Plate Barding Armor
45:34 Blast Furnace
Connection lost

Rejoining the realm…

Still unreachable

The connection could not be restored.

Session expired

The server has moved on; the page needs a fresh start.